 Dungeon Crawl Stone Soup version 0.31.0-11-ge490571c62 (webtiles) character file.

Game seed: 16989242539089687430

66701 Flugkiller the Eclecticist (level 14, -10/70 HPs)
             Began as a Vine Stalker Ice Elementalist on Feb 2, 2024.
             Was an Elder of Sif Muna.
             Mangled by Donald
             ... wielding a +1 demon trident of freezing
              (35 damage)
             ... on level 2 of the Orcish Mines on Feb 3, 2024.
             The game lasted 00:54:18 (7008 turns).

Flugkiller the Eclecticist (VSIE)                   Turns: 7008, Time: 00:54:18

Health: -10/70     AC: 14    Str: 11    XL:     14   Next: 82%
Magic:  0/36       EV: 11    Int: 25    God:    Sif Muna [****..]
Gold:   1007       SH:  0    Dex: 14    Spells: 21/47 levels left

rFire   + . .        a - +1 glaive (flame)
rCold   . . .        (shield currently unavailable)
rNeg    . . .        G - +0 troll leather armour
rPois   .            D - +2 hat
rElec   .            (no cloak)
rCorr   .            B - +1 pair of gloves
SInv    .            C - +2 pair of boots
Will    +....        (no amulet)
Stlth   ++           z - +6 ring of intelligence
HPRegen 1.91/turn    E - +4 ring of protection
MPRegen 0.25/turn

%: guardian spirit
@: freezing walls
A: fangs 3, regeneration 1, magic shield, antimagic bite, no potion heal 2,
clumsy 1, fire resistance 1
a: Renounce Religion, Channel Magic, Forget Spell, Divine Exegesis


You were on level 2 of the Orcish Mines.
You worshipped Sif Muna.
Sif Muna was greatly pleased with you.
You visited 4 branches of the dungeon, and saw 19 of its levels.
You also visited: Ossuary and Gauntlet.

You collected 1007 gold pieces.

Inventory:

Hand Weapons
 a - a +1 glaive of flaming (weapon)
   (You took it off an orc warrior on level 10 of the Dungeon)
 h - a +4 halberd
   (You took it off a wight on level 7 of the Dungeon)
 k - a +1 dagger of venom
   (You took it off an orc wizard on level 7 of the Dungeon)
 r - a +7 dagger of freezing
   (You found it in a Gauntlet)
 J - a +3 great sword
   (You took it off a wight on level 9 of the Dungeon)
 N - a +3 spectral quarterstaff
   (You took it off Joseph on level 1 of the Lair of Beasts)
 V - the +9 trident "Kokloh" {freeze, Str+3}
   (You found it on level 5 of the Lair of Beasts)

   Str+3:     It affects your strength (+3).
Missiles
 I - a curare-tipped dart
Armour
 A - +0 steam dragon scales
   (You found it on level 6 of the Dungeon)
 B - a +1 pair of gloves (worn)
   (You found it on level 7 of the Dungeon)
 C - a +2 pair of boots (worn)
   (You found it on level 6 of the Dungeon)
 D - a +2 hat (worn)
   (You took it off Gastronok on level 8 of the Dungeon)
 G - a +0 troll leather armour (worn)
   (You found it on level 10 of the Dungeon)
 Q - a +2 scale mail of poison resistance
   (You took it off Urug on level 3 of the Lair of Beasts)
 R - the orb "Tyopowu" {mayhem, Int+3}
   (You found it on level 3 of the Lair of Beasts)

   Int+3:     It affects your intelligence (+3).
Magical Staves
 O - a staff of earth
   (You found it on level 8 of the Dungeon)
 W - a staff of death
   (You found it on level 5 of the Lair of Beasts)
Jewellery
 i - a ring of see invisible
   (You found it on level 1 of the Dungeon)
 o - a ring of poison resistance
   (You found it on level 1 of the Lair of Beasts)
 p - a ring of protection from fire
   (You found it on level 5 of the Dungeon)
 z - a +6 ring of intelligence (left hand)
   (You found it on level 6 of the Dungeon)
 E - a +4 ring of protection (right hand)
   (You found it on level 11 of the Dungeon)
 F - a ring of positive energy
   (You found it on level 9 of the Dungeon)
 H - the ring "Cesigut" {rElec rC+ Will+ Slay+2 Stlth+}
   (You found it in a Gauntlet)

   [ring of willpower]

   Slay+2:    It affects your accuracy & damage with ranged weapons and melee
   (+2).
   rC+:       It protects you from cold.
   rElec:     It insulates you from electricity.
   Will+:     It increases your willpower.
   Stlth+:    It makes you more stealthy.
Talismans
 f - a beast talisman
   (You found it on level 1 of the Dungeon)
Wands
 s - a wand of charming (4)
   (You found it on level 5 of the Lair of Beasts)
 y - a wand of light (2)
   (You found it on level 5 of the Dungeon)
 M - a wand of polymorph (5)
   (You took it off Joseph on level 1 of the Lair of Beasts)
 S - a wand of flame (32)
   (You found it on level 2 of the Lair of Beasts)
Scrolls
 c - a scroll of amnesia
 e - 3 scrolls of fog
 g - 5 scrolls of poison
 j - a scroll of torment
 l - 2 scrolls of vulnerability
 t - 3 scrolls of teleportation
 L - a scroll of fear
 P - a scroll of noise
Potions
 b - a potion of magic
 d - 3 potions of might
 m - a potion of brilliance
 n - 6 potions of mutation
 q - a potion of curing
 u - 3 potions of attraction
 v - a potion of ambrosia
 w - a potion of enlightenment
 x - a potion of berserk rage
 T - a potion of haste {unknown}
 U - 3 potions of cancellation


   Skills:
 - Level 6.0 Fighting
 - Level 1.5 Dodging
 - Level 2.4 Stealth
 + Level 17.4 Spellcasting
 - Level 6.0 Conjurations
 - Level 6.0 Summonings
 - Level 11.3 Ice Magic
 - Level 1.0 Air Magic
 - Level 8.6 Alchemy
 - Level 8.0 Invocations


You had 21 spell levels left.
You knew the following spells:

 Your Spells              Type           Power      Damage    Failure   Level
a - Freeze                Ice            100%       1d10      1%          1
b - Frozen Ramparts       Ice            100%       1d16      1%          3
c - Ozocubu's Armour      Ice            67%        N/A       1%          3
d - Summon Ice Beast      Ice/Summ       60%        N/A       1%          3
e - Sculpt Simulacrum     Ice/Alch       32%        N/A       8%          6
f - Summon Lightning Spi  Summ/Air       39%        N/A       7%          4
i - Irradiate             Conj/Alch      27%        3d20      4%          5
q - Apportation           Tloc           42%        N/A       3%          1

Your spell library contained the following spells:

 Spells                   Type           Power      Damage    Failure   Level
 Static Discharge         Conj/Air       78%        3-7/arc   1%          2
 Alistair's Intoxication  Alch           40%        N/A       2%          5
 Slow                     Hex            84%        N/A       3%          1
 Jinxbite                 Hex            42%        N/A       4%          2
 Leda's Liquefaction      Alch/Erth      21%        N/A       5%          4
 Sticky Flame             Fire/Alch      43%        2d8       5%          4
 Confusing Touch          Hex            21%        N/A       9%          3
 Inner Flame              Hex/Fire       21%        N/A       9%          3
 Sigil of Binding         Hex            21%        N/A       9%          3
 Tukima's Dance           Hex            21%        N/A       9%          3
 Vampiric Draining        Necr           21%        2d7       9%          3
 Flame Wave               Conj/Fire      36%        2d10      9%          4
 Metabolic Englaciation   Hex/Ice        25%        N/A       9%          5
 Yara's Violent Unravell  Hex/Alch       21%        3d10      14%         5
 Eringya's Noxious Bog    Alch           30%        4d6       14%         6
 Airstrike                Air            13%        2d(2-18)  21%         4
 Passage of Golubria      Tloc           21%        N/A       30%         4
 Conjure Ball Lightning   Conj/Air       19%        3x3d6     73%         6
 Discord                  Hex            10%        N/A       100%        8
 Disjunction              Tloc           10%        N/A       100%        8
 Chain Lightning          Conj/Air       19%        3d26      100%        9
 Fire Storm               Conj/Fire      18%        8d5       100%        9
 Shatter                  Erth           10%        3d12*     100%        9


Dungeon Overview and Level Annotations

Branches:
Dungeon (11/15) Zot: 26099  Temple (1/1) D:7 Zot: 5950    Lair (5/5) D:10 Zot: 26663
  Slime (0/5) Lair:4          Orc (2/2) D:10 Zot: 11450     Elf (0/3) Orc:2
Ossuary (visited)         Gauntlet (visited)
  Swamp: Lair:2-3    Shoals: Lair:2-3     Snake: Lair:2-3    Spider: Lair:2-3

Altars:
Ashenzari
Cheibriados
Dithmenos
Elyvilon
Fedhas
Gozag
Hepliaklqana
Kikubaaqudgha
Makhleb
Nemelex Xobeh
Okawaru
Qazlal
Ru
Sif Muna
Trog
Uskayaw
Vehumet
Wu Jian
Xom
Yredelemnul
Zin
The Shining One

Shops:
D:11 (   Orc:2 (=(

Annotations:
D:3 3 runed translucent doors, Aviak's ghost, amateur OpRe
D:4 Natasha
Lair:2 shoals
Lair:4 exclusion: 2 oklob plants
Orc:2 Donald


Innate Abilities, Weirdness & Mutations

You have razor-sharp teeth.
Your natural rate of healing is unusually fast.
When hurt, damage is shared between your health and your magic reserves.
Your bite disrupts and absorbs the magic of your enemies.
Potions cannot restore your health.
You are clumsy. (Dex -2)
Your flesh is heat resistant. (rF+)


Message History

The troll claws your deep troll simulacrum.
Your deep troll simulacrum bites the troll but does no damage.
Your deep troll simulacrum closely misses the troll.
Your deep troll simulacrum claws the troll.
Your deep troll simulacrum freezes the troll!
The ogre moves out of view.
Donald the Adventurer comes into view.
He is wielding a +1 demon trident of freezing and wearing a +0 kite shield of reflection.
You see here a +0 giant club.
The ogre hits your deep troll simulacrum with a +0 giant club!!
Your deep troll simulacrum vaporises!
Your deep troll simulacrum bites the troll!
Your deep troll simulacrum freezes the troll!
The troll dies!
Sif Muna accepts your kill.
Unknown command.
An ogre mage comes into view. It is wielding a +0 club.
The ogre mage shouts!
You hear a shout!
Casting: Sculpt Simulacrum (quite dangerous; 8% risk of failure)
Confirm with . or Enter, or press ? or * to list all spells.
Aiming: Sculpt Simulacrum (quite dangerous; 8% risk of failure)
Press: ? - help, Shift-Dir - straight line, f - ogre
Aim: an ogre, wielding a +0 giant club (ally target)
You sublimate a sliver of the ogre's essence and reconstitute it in ice.
An ogre comes into view. It is wielding a +0 giant spiked club.
The ogre hits you but does no damage.
Your deep troll simulacrum bites the ogre.
Your deep troll simulacrum freezes the ogre!!
The ogre dies!
Sif Muna accepts your kill.
Your ogre simulacrum hits Donald but does no damage.
Unknown command.
You swap places.
Donald hits you from afar with a +1 demon trident of freezing!
Donald freezes you.
Your deep troll simulacrum barely misses the ogre.
Your deep troll simulacrum claws the ogre!
Your deep troll simulacrum freezes the ogre!!
Your deep troll simulacrum claws the ogre!
The ogre dies!
Sif Muna accepts your kill.
Things that are here:
a +0 giant club; an ogre corpse Unknown command.
Donald gestures wildly while chanting.
Donald seems to speed up.
Your ogre simulacrum hits Donald!
Your ogre simulacrum freezes Donald!
Donald blocks your ogre simulacrum's attack.
Unknown command.
What are your orders? t - Shout!
Orders for allies: a - Attack new target. r - Retreat! s - Stop attacking. g - Guard the area. f - Follow me.
Anything else - Cancel.
Gang up on whom?
Press: ? - help, Dir - move target, f - ogre mage
Aim: an ogre mage, wielding a +0 club and wearing a +0 robe
Okay, then.
Donald hits your ogre simulacrum with a +1 demon trident of freezing!!
Your ogre simulacrum vaporises!
Donald hits your deep troll simulacrum with a +1 demon trident of freezing!
Unknown command.
Your ogre simulacrum begins to move.
Donald hits your deep troll simulacrum with a +1 demon trident of freezing!!
Your deep troll simulacrum vaporises!
Donald blocks your ogre simulacrum's attack.
Unknown command.
Casting: Sculpt Simulacrum (quite dangerous; 8% risk of failure)
Confirm with . or Enter, or press ? or * to list all spells.
The walls around you are covered in ice.
Your lightning spire disappears in a puff of smoke!
Donald says, "It's like an all you can read... something."
Donald mumbles some strange words.
Donald seems to grow stronger.
The wall freezes the ogre mage but does no damage.
The ogre mage points at you and mumbles some strange words.
The bolt of magma misses you.
The bolt of magma hits your ogre shaped block of ice!!!
Your ogre shaped block of ice melts!
Donald hits your deep troll simulacrum with a +1 demon trident of freezing!!!
Your deep troll simulacrum vaporises!
Your ogre simulacrum hits Donald but does no damage.
You barely miss the ogre mage. You bite the ogre mage.
The ogre mage's magic leaks into the air.
You drain its magic.
You feel invigorated.
The ogre mage is lightly wounded.
The ogre mage's magic is no longer disrupted.
Donald says, "At least there's gold.
That doesn't make up for it."
Your ogre simulacrum begins to move.
The wall freezes the ogre mage.
The ogre mage hits you with a +0 club!
Donald is engulfed in freezing vapours.
Donald hits you from afar with a +1 demon trident of freezing!!
Donald freezes you!
The ogre hits you with a +0 giant spiked club.
The wall freezes the ogre mage.
The ogre mage closely misses you.
Donald is engulfed in freezing vapours.
Donald says, "That guy with the scythe is really mean."
Donald hits you from afar with a +1 demon trident of freezing!!!
Ouch! That really hurt!
You die...
Donald says, "I won.
I... don't hate that."

##...............)..)...†..
#............#....._.......
##...........#..............
......................[)....
.......§..............).....
#.....)..........#...#.....
#......∩).........#####))..
#.∩...))..Z.####.## ##))).
...........@Z# ### #))...
.##.......OO## #..)..
#......Z@)8.# ##>...
#............# ##...
#.......∩.#.## ##..
#.........### ### #........#
##. .......## ###.. .......
#....


You could see Donald (fast, strong, ally target, reflecting), an ogre mage (ally
target), an ogre and 3 friendly ogre simulacra.

Vanquished Creatures
  2 orc warlords (Orc:2)
  A minotaur (Gauntlet)
  A hydra (Lair:5)
  An ogre mage (Orc:2)
  8 two-headed ogres
  A sea snake (Lair:5)
  A lindwurm (Lair:4)
  An ugly thing (D:11)
  An orc sorcerer (Orc:2)
  4 black mambas
  6 elephants
  2 unseen horrors
  4 cane toads
  A smoke demon (Gauntlet)
  5 komodo dragons
  2 rime drakes
  5 trolls
  A wind drake (Lair:5)
  A hornet (D:9)
  10 blink frogs
  2 centaur simulacra (Gauntlet)
  3 wyverns
  A wraith (D:11)
  22 yaks
  2 steam dragons
  2 basilisks
  A warg (Orc:2)
  8 water moccasins
  2 black bears
  A sky beast (D:6)
  A meliai simulacrum (Gauntlet)
  10 orc warriors
  6 ogres
  18 wolves
  2 centaurs
  2 kobold brigands (D:10)
  A phantom (D:6)
  Blork the orc (D:4)
  8 bullfrogs
  A scorpion (D:4)
  5 wights
  10 killer bees
  An electric eel (Lair:4)
  6 howler monkeys
  A bombardier beetle (D:5)
  A centaur zombie (Ossuary)
  A crimson imp (Gauntlet)
  7 hounds
  A human zombie (Ossuary)
  8 orc priests
  2 jellies
  3 iguanas
  A sleepcap (D:5)
  8 orc wizards
  3 hound zombies (Ossuary)
  3 adders
  6 gnolls (D:6)
  2 white imps
  2 ufetubi
  4 adder zombies (Ossuary)
  A dart slug (D:5)
  A ribbon worm (D:4)
  41 orcs
  A bat (D:1)
  4 endoplasms
  3 giant cockroaches (D:4)
  4 gnoll zombies (Ossuary)
  2 hobgoblins (D:1)
  4 jackals (D:1)
  12 kobolds
  4 quokkas
  3 ball pythons
  A goblin zombie (D:4)
  4 jackal zombies (Ossuary)
  7 kobold zombies (Ossuary)
  5 orc zombies (Ossuary)
  3 rats (D:1)
327 creatures vanquished.

Vanquished Creatures (collateral kills)
  Gastronok (D:8)
  A stone giant (Orc:2)
  A hydra (Lair:3)
  A merfolk avatar (Lair:5)
  5 two-headed ogres
  An ogre mage (Orc:1)
  A boulder beetle (Lair:5)
  Urug (Lair:3)
  2 deep trolls (Orc:2)
  3 sea snakes (Lair:5)
  A lindwurm (Lair:4)
  An orc knight (Orc:2)
  2 harpies (Lair:5)
  2 cyclopes
  An orc sorcerer (Orc:2)
  7 elephants
  Joseph (Lair:1)
  2 cane toads
  2 rime drakes (Lair:5)
  4 komodo dragons
  6 trolls (Orc:2)
  A hornet (Lair:5)
  A blink frog (Lair:2)
  8 yaks
  A wyvern (Lair:1)
  A warg (Orc:2)
  2 basilisks
  A water moccasin (Lair:2)
  8 orc warriors
  A swamp drake (D:10)
  17 ogres
  An ice beast (D:6)
  2 centaurs
  2 wolves
  A nameless horror (Orc:2)
  2 bullfrogs
  An elf zombie (Ossuary)
  3 wights
  A killer bee (D:11)
  A howler monkey (D:9)
  An electric eel (Lair:2)
  2 centaur zombies (Ossuary)
  A crimson imp (Gauntlet)
  A jelly (D:7)
  2 orc priests
  4 orc wizards
  3 hound zombies (Ossuary)
  2 mummies (Ossuary)
  A white imp (D:8)
  An ufetubus (D:6)
  An adder zombie (Ossuary)
  A ribbon worm (D:3)
  13 orcs
  A hobgoblin (D:4)
  A kobold (D:10)
  A jackal zombie (Ossuary)
137 creatures vanquished.

Vanquished Creatures (others)
  A troll (Orc:2)
1 creature vanquished.

Grand Total: 465 creatures vanquished

Notes
Turn   | Place    | Note
-------+----------+-------------------------------------------
     0 | D:1      | Flugkiller the Vine Stalker Ice Elementalist began the
                  | quest for the Orb.
     0 | D:1      | Reached XP level 1. HP: 9/9 MP: 4/4
    81 | D:1      | Reached XP level 2. HP: 9/13 MP: 1/6
   218 | D:2      | Reached skill level 3 in Spellcasting
   218 | D:2      | Reached XP level 3. HP: 12/16 MP: 0/8
   222 | D:2      | Learned a level 3 spell: Frozen Ramparts
   355 | D:4      | Noticed a scorpion
   360 | D:4      | Killed a scorpion
   361 | D:4      | Reached skill level 5 in Ice Magic
   361 | D:4      | Reached XP level 4. HP: 9/21 MP: 0/10
   392 | D:4      | Reached XP level 5. HP: 18/24 MP: 2/11
   457 | D:4      | Noticed an ogre
   513 | D:4      | Learned a level 3 spell: Ozocubu's Armour
   517 | D:4      | Learned a level 3 spell: Summon Ice Beast
   531 | D:4      | Reached skill level 4 in Spellcasting
   795 | D:4      | Noticed Blork the orc
   811 | D:4      | Killed Blork the orc
   812 | D:4      | Reached XP level 6. HP: 15/28 MP: 8/14
   842 | D:4      | Reached skill level 5 in Spellcasting
   884 | D:5      | Entered Level 5 of the Dungeon
   937 | D:4      | Found a sand-covered staircase.
   944 | Ossuary  | Entered an ossuary
  1072 | Ossuary  | Gained mutation: You are clumsy. (Dex -2) [potion of
                  | mutation]
  1072 | Ossuary  | Gained mutation: Your flesh is heat resistant. (rF+)
                  | [potion of mutation]
  1082 | Ossuary  | Reached XP level 7. HP: 13/32 MP: 12/16
  1157 | Ossuary  | Reached skill level 6 in Spellcasting
  1281 | D:3      | Found a runed translucent gate.
  1284 | D:3      | Noticed Aviak's ghost (amateur OpRe)
  1285 | D:3      | Found a runed translucent gate.
  1286 | D:3      | Found a runed translucent gate.
  1320 | D:4      | Noticed Natasha
  1347 | D:5      | Reached skill level 1 in Summonings
  1424 | D:5      | Reached skill level 1 in Fighting
  1424 | D:5      | Gained mutation: You have razor-sharp teeth. [Vine Stalker
                  | growth]
  1424 | D:5      | Reached XP level 8. HP: 33/37 MP: 5/18
  1638 | D:6      | Reached skill level 7 in Spellcasting
  1957 | D:6      | Reached skill level 8 in Spellcasting
  1966 | D:6      | Reached XP level 9. HP: 45/45 MP: 11/22
  1994 | D:7      | Reached skill level 9 in Spellcasting
  2032 | D:7      | Reached skill level 10 in Spellcasting
  2092 | D:7      | Found a staircase to the Ecumenical Temple.
  2171 | D:8      | Noticed Gastronok
  2191 | D:8      | Killed Gastronok
  2192 | D:8      | Reached skill level 11 in Spellcasting
  2192 | D:8      | Reached XP level 10. HP: 24/49 MP: 8/26
  2214 | D:8      | Reached skill level 12 in Spellcasting
  2265 | Temple   | Entered the Ecumenical Temple
  2286 | Temple   | Became a worshipper of Sif Muna the Loreminder
  2294 | Temple   | Learned a level 6 spell: Sculpt Simulacrum
  2353 | D:8      | Learned a level 4 spell: Summon Lightning Spire
  2520 | D:9      | Reached skill level 1 in Alchemy
  2520 | D:9      | Reached skill level 1 in Invocations
  2553 | D:9      | Found a sacrificial altar of Ru.
  2842 | D:9      | Reached * piety under Sif Muna
  2890 | D:10     | Entered Level 10 of the Dungeon
  3166 | D:10     | Killed an unseen horror
  3219 | D:10     | Reached XP level 11. HP: 51/53 MP: 2/28
  3379 | D:10     | Found a staircase to the Orcish Mines.
  3439 | D:10     | Reached ** piety under Sif Muna
  3446 | D:9      | You fall into a shaft and drop 1 floor!
  3511 | D:10     | Noticed a two-headed ogre
  3523 | D:10     | Killed a two-headed ogre
  3597 | D:11     | Found Faki Jyc's Weapon Shoppe.
  3601 | D:11     | Noticed a two-headed ogre
  3616 | D:11     | Killed a two-headed ogre
  3617 | D:11     | Reached skill level 5 in Alchemy
  3617 | D:11     | Reached skill level 5 in Invocations
  3811 | D:11     | Noticed a purple ugly thing
  3819 | D:11     | Killed a purple ugly thing
  3891 | D:11     | Noticed a two-headed ogre
  3955 | D:11     | Killed a two-headed ogre
  3968 | D:11     | Noticed a cyclops
  4069 | D:11     | Killed a cyclops
  4339 | D:10     | Found a staircase to the Lair.
  4371 | Lair:1   | Entered Level 1 of the Lair of Beasts
  4405 | Lair:1   | Reached *** piety under Sif Muna
  4447 | Lair:1   | Reached skill level 10 in Ice Magic
  4460 | Lair:1   | Noticed Joseph
  4492 | Lair:1   | Killed Joseph
  4553 | Lair:1   | Reached XP level 12. HP: 58/58 MP: 22/29
  4948 | Lair:2   | Reached skill level 1 in Air Magic
  4964 | Lair:3   | Noticed a six-headed hydra
  5025 | Lair:2   | Learned a level 1 spell: Apportation
  5050 | Lair:2   | Reached **** piety under Sif Muna
  5188 | Lair:3   | Noticed Urug
  5260 | Lair:3   | Reached skill level 5 in Summonings
  5262 | Lair:3   | Reached skill level 5 in Fighting
  5291 | Lair:3   | Killed a six-headed hydra
  5326 | Lair:3   | Killed Urug
  5399 | Lair:3   | Reached XP level 13. HP: 64/64 MP: 10/30
  5403 | Lair:3   | Identified the orb "Tyopowu" {mayhem, Int+3}
  5578 | Lair:4   | Reached skill level 13 in Spellcasting
  5713 | Lair:4   | Found a gate leading to a gauntlet.
  5720 | Gauntlet | Entered a Gauntlet
  5720 | Gauntlet | Found a transporter.
  5724 | Gauntlet | Found a transporter.
  5725 | Gauntlet | Found a transporter.
  5740 | Gauntlet | Found a transporter.
  5741 | Gauntlet | Found a transporter.
  5747 | Gauntlet | Noticed a green death
  5753 | Gauntlet | Found a transporter.
  5766 | Gauntlet | Found a transporter.
  5776 | Gauntlet | Found a transporter.
  5783 | Gauntlet | Found a transporter.
  5800 | Gauntlet | Found a transporter.
  5809 | Gauntlet | Found a runed translucent gate.
  5810 | Gauntlet | Found a transporter.
  5810 | Gauntlet | Found a runed translucent gate.
  5811 | Gauntlet | Found a runed translucent gate.
  5812 | Gauntlet | Found a transporter.
  5866 | Gauntlet | Found a transporter.
  5902 | Gauntlet | Got the Papyrus of Cursed Contamination
  5907 | Gauntlet | Identified the ring "Cesigut" {rElec rC+ Will+ Slay+2
                  | Stlth+}
  5915 | Gauntlet | Reached skill level 1 in Conjurations
  5933 | Gauntlet | Learned a level 5 spell: Irradiate
  5937 | Gauntlet | Noticed a minotaur
  5945 | Gauntlet | Killed a minotaur
  6047 | Lair:4   | Found a staircase to the Slime Pits.
  6140 | Lair:5   | Entered Level 5 of the Lair of Beasts
  6159 | Lair:5   | Reached skill level 5 in Conjurations
  6183 | Lair:5   | Reached skill level 14 in Spellcasting
  6250 | Lair:5   | Reached skill level 15 in Spellcasting
  6250 | Lair:5   | Reached XP level 14. HP: 58/70 MP: 9/34
  6261 | Lair:5   | Identified the +9 trident "Kokloh" {freeze, Str+3}
  6263 | Lair:5   | Got an earthy gem with 2023 turns to spare
  6510 | Orc:1    | Entered Level 1 of the Orcish Mines
  6564 | Orc:2    | Entered Level 2 of the Orcish Mines
  6564 | Orc:2    | Noticed an orc warlord
  6583 | Orc:2    | Killed an orc warlord
  6602 | Orc:2    | Noticed an orc warlord
  6621 | Orc:2    | Killed an orc warlord
  6622 | Orc:2    | Reached skill level 16 in Spellcasting
  6829 | Orc:2    | Found a staircase to the Elven Halls.
  6918 | Orc:2    | Reached skill level 17 in Spellcasting
  6932 | Orc:2    | Found Raikius's Jewellery Shoppe.
  6935 | Orc:2    | Noticed a stone giant
  6971 | Orc:2    | Killed a stone giant
  6980 | Orc:2    | Found Zyjirruts's Antique Weapon Shoppe.
  6982 | Orc:2    | Found Peluhevvall's Antique Weapon Shop.
  7000 | Orc:2    | Noticed Donald
  7008 | Orc:2    | Mangled by Donald

Illustrated notes

Levels and vault maps discovered:
D:1:      roderic_dead_forest, layout_loops_ring, st_stairs_7,
          minmay_misc_feat_cross, grunt_decor_cap
D:2:      layout_basic
D:3:      minmay_chambers_of_threes, layout_basic,
          gammafunk_ghost_nasty_kobolds, serial_park_tiny_1
D:4:      layout_basic, enter_ossuary_4, uniq_blork_the_orc, uniq_natasha
D:5:      nicolae_BIG_FREAKIN_CUBE, layout_rooms, serial_shops, shop,
          nicolae_zig_zag_zippers
D:6:      layout_rooms, corexii_corridor_pit
D:7:      layout_cave_pools, minmay_temple_entry_from_below_b,
          blue_anna_alchemist, uniq_crazy_yiuf_cottage
D:8:      layout_rooms, uniq_gastronok
D:9:      layout_irregular_city, nicolae_ru_awakened_eye
D:10:     layout_small_grid, erik_lair_dragon, david_orc_5, chequers_garden
D:11:     layout_long_grid, serial_shops, nicolae_shop_trees
Temple:   roderic_octagonal_lattice_temple
Lair:1:   layout_hall_layers, uniq_harold, uniq_joseph
Lair:2:   layout_regular_city, elwin_shoals_entry_rooms,
          cheibrodos_lair_caveside_slide, beast_lair_carwin_6,
          serial_bayou_shore_b, grunt_megastairs_2
Lair:3:   layout_loops_ring, minmay_snake_entry_guardpost_large, serial_rivers,
          chequers_serial_rivers_small_3, chequers_serial_rivers_micro_d,
          chequers_serial_rivers_large_b, chequers_serial_rivers_micro_e,
          chequers_serial_rivers_micro_e, chequers_serial_rivers_room_b,
          eino_small_chamber_without_monster, uniq_urug
Lair:4:   layout_gridlike, minmay_slime_entry_oklob_open,
          gauntlet_entry_generic, nicolae_lair_lindhole, serial_bayou_shore_a
Lair:5:   gammafunk_lair_ancient_temple, layout_long_grid, serial_bayou_shore_b
Orc:1:    layout_diamond_mine, basic_altar, serial_shops,
          nicolae_shop_back_alley_shop, abandoned_shop
Orc:2:    st_orc_open, layout_diamond_mine, basic_altar, uniq_donald

Skill      XL: |  1  2  3  4  5  6  7  8  9 10 11 12 13 14 |
---------------+-------------------------------------------+-----
Spellcasting   | 3 4 5 6 8 11 12 15 17 | 17.4
Ice Magic      | 5 6 7 8 10 11 | 11.3
Summonings     | 2 4 5 6 |  6.0
Fighting       | 1 4 5 6 |  6.0
Alchemy        | 4 6 8 |  8.6
Invocations    | 4 6 7 8 |  8.0
Air Magic      | 1 |  1.0
Conjurations   | 6 |  6.0
Dodging        | |  1.5
Stealth        | |  2.4

Action                     |  1- 3 |  4- 6 |  7- 9 | 10-12 | 13-15 || total
---------------------------+-------+-------+-------+-------+-------++-------
  Melee: Unarmed           |    54 |       |       |       |       ||    54
         Bite              |     9 |    39 |    62 |    96 |    41 ||   247
         Dagger            |     3 |   112 |   167 |    86 |       ||   368
         Punch             |       |     4 |     3 |     1 |       ||     8
         Glaive            |       |       |       |   171 |   132 ||   303
  Throw: Dart              |       |       |       |     1 |       ||     1
         Throwing net      |       |       |       |       |     1 ||     1
   Cast: Freeze            |    25 |     8 |     2 |     5 |    36 ||    76
         Frozen Ramparts   |     1 |     8 |    24 |    45 |    22 ||   100
         Ozocubu's Armour  |       |     3 |    10 |    25 |    14 ||    52
         Summon Ice Beast  |       |     2 |    18 |    31 |    13 ||    64
         Summon Lightning  |       |       |       |    20 |    22 ||    42
         Sculpt Simulacrum |       |       |       |     5 |    22 ||    27
         Irradiate         |       |       |       |       |    14 ||    14
         Disjunction       |       |       |       |       |     1 ||     1
 Invoke: Channel Magic     |       |       |       |       |    12 ||    12
         Divine Exegesis   |       |       |       |       |     1 ||     1
  Evoke: Wand              |       |       |     5 |     4 |    24 ||    33
    Use: Potion            |     1 |     4 |       |     1 |     6 ||    12
         Scroll            |       |     2 |     7 |     8 |     4 ||    21
   Stab: Sleeping          |     1 |     1 |       |     1 |     1 ||     4
         Distracted        |       |       |       |     2 |     2 ||     4
         Invisible         |       |       |       |       |     2 ||     2
 Armour: Robe              |    43 |   124 |    92 |       |       ||   259
         Steam dragon scal |       |       |    80 |    53 |       ||   133
         Troll leather arm |       |       |       |   387 |   309 ||   696
         Skin              |       |       |       |     1 |       ||     1
  Dodge: Dodged            |    57 |   144 |   173 |   210 |   175 ||   759
